Map: [ESL] Alcyone

Players

Ryung

  • Race: Terran Terran
  • Spawn Location: 1:00

Vindicta - Winner!

  • Race: Terran Terran
  • Spawn Location: 7:00

Event: ESL SC2 Masters 2023 Winter (Finals)

VOD

Have the link to the VOD?

Description

Time

  • Played on: Dec. 15, 2023, 4:54 p.m.
  • Length: 15:12

All games in this series

Show
View Real Time Build Order
Export as new Build Order

Ryung Terran 

Build Orders: Cyclone Opening 

Get SALT Encoding   

  12  0:00  SCV  
  13  0:12  SCV  
  14  0:17  Supply Depot  
  14  0:24  SCV  
  15  0:38  SCV  
  15  0:40  Barracks  
  16  0:44  Refinery  
  16  0:50  SCV  
  16  0:52  Refinery  
  17  1:02  SCV  
  18  1:14  SCV  
  19  1:27  Reaper, Orbital Command  
  19  1:31  Supply Depot  
  20  1:42  Factory  
  20  1:53  SCV  
  21  1:59  Reaper  
  22  2:05  SCV  
  23  2:17  SCV  
  23  2:21  Command Center  
  24  2:27  Cyclone  
  24  2:29  SCV  
  27  2:40  Starport  
  27  2:42  SCV  
  28  2:47  Supply Depot  
  28  2:52  Barracks Reactor  
  28  2:54  SCV  
  29  2:59  Cyclone  
  31  3:09  SCV  
  32  3:16  Medivac  
  34  3:21  SCV  
  35  3:33  Orbital Command, SCV  
  36  3:35  Refinery  
  36  3:37  Cyclone  
  36  3:38  Cyclone  
  40  3:45  SCV  
  40  3:47  Starport Tech Lab  
  41  3:57  SCV  
  41  3:58  SCV  
  43  4:06  Raven  
  43  4:09  SCV  
  46  4:10  SCV  
  46  4:16  Cyclone x2  
  51  4:21  SCV  
  51  4:22  Supply Depot  
  51  4:23  SCV  
  53  4:33  SCV  
  54  4:44  Raven, SCV  
  54  4:45  Command Center  
  57  4:50  SCV  
  57  4:51  Supply Depot  
  58  4:56  SCV  
  59  5:06  Barracks Tech Lab  
  58  5:08  SCV x2  
  59  5:15  Factory Reactor  
  59  5:19  Barracks x2, Raven  
  59  5:20  SCV x2  
  63  5:25  Supply Depot  
  63  5:28  Marine  
  63  5:29  Stimpack  
  63  5:32  SCV x2  
  63  5:34  Engineering Bay x2  
  66  5:44  SCV x2  
  66  5:47  Unknown  
  66  5:50  Barracks  
  66  5:51  Barracks  
  66  5:56  SCV  
  66  5:57  SCV  
  68  6:04  Terran Infantry Weapons Level 1  
  68  6:05  Terran Infantry Armor Level 1  
  68  6:08  SCV  
  68  6:09  SCV  
  70  6:18  Refinery  
  70  6:19  Starport Reactor  
  70  6:20  SCV, Marine  
  70  6:21  SCV, Marine x3  
  70  6:22  Marine  
  77  6:29  Siege Tank, Missile Turret  
  77  6:30  Orbital Command  
  80  6:33  SCV  
  80  6:37  SCV  
  82  6:40  Barracks Reactor  
  82  6:41  Barracks Reactor  
  82  6:45  SCV  
  82  6:46  Marine x4  
  87  6:47  Marine  
  79  7:02  Siege Tank  
  79  7:03  Marine  
  79  7:04  Marine x3  
  79  7:05  Marine  
  78  7:21  Medivac, Marine x3  
  78  7:22  Orbital Command, Marine x2  
  84  7:23  Marine  
  86  7:35  Marine x2  
  85  7:39  Orbital Command, Marine x2  
  85  7:49  Medivac  
  87  7:52  SCV x2  
  89  8:02  Combat Shield  
  89  8:07  Marine  
  89  8:08  Marine x3  
  93  8:20  SCV x2  
  93  8:21  SCV, Marine x2  
  93  8:22  Marine  
  93  8:23  Marine x2  
  93  8:25  Marine  
  84  8:27  Marine x2  
  84  8:29  Marine  
  84  8:33  SCV x2  
  87  8:39  Marine x2  
  87  8:40  Marine  
  90  8:41  Marine x2  
  90  8:42  SCV  
  93  8:54  Supply Depot  
  93  8:55  Supply Depot  
  93  8:56  SCV, Marine x2  
  93  8:58  Armory  
  93  9:00  SCV  
  93  9:01  SCV  
  98  9:08  SCV  
  99  9:14  Siege Tank  
  99  9:16  SCV  
  99  9:17  SCV  
  102  9:20  SCV, Marine x2  
  102  9:22  Marine x2  
  111  9:29  Medivac x2, SCV x2  
  113  9:33  Supply Depot  
  113  9:34  Barracks Tech Lab  
  113  9:35  Supply Depot, Barracks Tech Lab  
  113  9:45  SCV x3  
  116  9:49  Command Center  
  116  9:56  Marine x2  
  116  9:57  SCV x2, Marine x2  
  116  9:59  Marauder x2  
  125  10:01  Marauder  
  125  10:03  Terran Infantry Weapons Level 2, Terran Infantry Armor Level 2  
  127  10:09  SCV x3  
  127  10:13  Supply Depot  
  130  10:14  Supply Depot  
  130  10:15  Supply Depot  
  129  10:30  Barracks  
  129  10:32  Medivac x2, Barracks  
  129  10:34  Barracks  
  129  10:35  SCV x3  
  136  10:39  Marauder  
  137  10:44  Marauder x2  
  137  10:45  Marine x4  
  137  10:47  SCV x3  
  148  10:50  Supply Depot  
  148  11:00  Concussive Shells, Marauder  
  148  11:02  Marine x2  
  152  11:05  SCV x3  
  152  11:06  Marauder  
  155  11:17  SCV x2  
  155  11:18  SCV  
  154  11:21  Marauder, Barracks Reactor, Barracks Tech Lab  
  154  11:22  Marauder, Barracks Tech Lab, Missile Turret, Marine x2  
  160  11:27  Marauder, Orbital Command  
  162  11:37  Viking x2  
  165  11:42  Marauder x2  
  168  11:52  Marauder x2  
  168  11:53  Marauder, Marine x3  
  177  12:04  Marauder  
  177  12:07  Marine  
  180  12:12  Marine  
  179  12:19  Marauder x4  
  179  12:20  Missile Turret  
  187  12:24  Missile Turret  
  187  12:28  Marine  
  188  12:31  Marine  
  188  12:33  Marine  
  188  12:34  Marine x2  
  188  12:36  Marauder  
  187  12:46  Viking x2  
  187  12:48  Marauder, Marine x2  
  187  12:49  Marauder  
  187  12:50  Marine  
  187  12:53  Supply Depot x2  
  187  12:54  Marauder x2  
  188  13:03  Marauder, Command Center  
  187  13:08  Siege Tank  
  187  13:14  Marauder x2  
  187  13:16  Marauder  
  189  13:20  Refinery x2  
  189  13:22  Supply Depot  
  189  13:23  Supply Depot  
  189  13:25  Supply Depot  
  180  13:30  Marauder x2  
  128  13:36  Marauder x2, Orbital Command  
  128  13:37  Marauder  
  128  13:40  Marine x3  
  96  13:41  Marine x2  
  96  13:42  Marine  
  89  13:52  Marauder x2  
  89  13:57  Marauder x2, Marine  
  89  13:58  Marauder, Marine x2  
  89  13:59  Marine x2  
  89  14:00  Marine  
  97  14:13  Marauder x2  
  97  14:15  Marine x2  
  104  14:17  Marine x2  
  104  14:19  Marauder x2  
  104  14:20  Marauder  
  108  14:32  Orbital Command  
  108  14:33  Marine  
  108  14:34  Marauder x2  
  108  14:35  Marine  
  112  14:40  Marauder x2  
  109  14:51  Marine  
  103  14:52  Marine  
Show
View Real Time Build Order
Export as new Build Order

Vindicta Terran - Winner!

Build Orders: Cyclone Opening, Mech 

Get SALT Encoding   

  12  0:00  SCV  
  13  0:12  SCV  
  14  0:16  Supply Depot  
  14  0:24  SCV  
  15  0:38  SCV  
  15  0:40  Barracks  
  16  0:42  Refinery  
  16  0:50  SCV  
  16  0:52  Refinery  
  17  1:02  SCV  
  18  1:14  SCV  
  19  1:26  Reaper  
  19  1:27  Orbital Command  
  20  1:33  Supply Depot  
  20  1:40  Factory  
  20  1:52  SCV  
  21  1:59  Barracks Reactor  
  21  2:04  SCV  
  22  2:16  SCV  
  22  2:20  Command Center  
  25  2:32  Cyclone  
  25  2:35  Reaper x2  
  25  2:36  SCV  
  28  2:44  Supply Depot  
  28  2:48  SCV  
  29  3:00  SCV  
  32  3:05  Cyclone  
  32  3:07  Reaper x2  
  32  3:11  Starport  
  34  3:14  SCV  
  35  3:26  SCV  
  36  3:27  Refinery  
  36  3:32  Orbital Command  
  36  3:38  Factory Tech Lab  
  36  3:39  SCV, Marine x2  
  39  3:47  Starport Tech Lab  
  39  3:51  SCV  
  40  3:56  Siege Tank, Marine x2  
  40  3:58  SCV  
  46  4:03  SCV  
  46  4:07  Supply Depot  
  47  4:10  Raven  
  47  4:17  SCV  
  47  4:21  Marine  
  49  4:24  SCV  
  49  4:28  Siege Tank, Marine  
  49  4:29  SCV  
  55  4:36  SCV  
  56  4:39  Marine  
  56  4:41  SCV  
  56  4:42  Supply Depot  
  57  4:46  Marine  
  57  4:47  Raven  
  57  4:49  SCV  
  57  4:52  Supply Depot  
  61  4:53  SCV  
  61  4:57  Marine  
  62  5:04  Siege Tank, Marine  
  65  5:09  SCV  
  65  5:11  SCV  
  66  5:15  Supply Depot, Marine  
  67  5:23  Raven  
  67  5:25  Command Center  
  67  5:26  SCV  
  70  5:28  SCV  
  70  5:34  Marine  
  72  5:38  Siege Tank  
  72  5:39  SCV  
  72  5:40  SCV  
  77  5:46  Marine  
  78  5:51  Supply Depot, SCV  
  78  5:53  SCV  
  80  6:03  SCV  
  78  6:10  SCV  
  78  6:12  Siege Tank  
  78  6:13  Factory, Refinery, Supply Depot  
  78  6:15  SCV  
  82  6:21  Viking x2  
  82  6:22  SCV  
  82  6:24  Supply Depot  
  87  6:28  SCV  
  88  6:34  SCV  
  88  6:38  Orbital Command  
  88  6:39  Factory  
  89  6:40  SCV  
  91  6:47  SCV  
  91  6:51  Siege Tank  
  91  6:52  SCV  
  95  6:58  Siege Tank  
  95  6:59  SCV  
  99  7:04  SCV  
  100  7:08  SCV  
  100  7:15  SCV  
  98  7:17  Viking x2  
  98  7:18  Supply Depot, Engineering Bay  
  98  7:19  Supply Depot  
  98  7:20  Orbital Command  
  102  7:23  SCV  
  102  7:28  Siege Tank, Factory Reactor  
  102  7:29  Refinery  
  101  7:31  SCV  
  101  7:33  Refinery  
  101  7:35  SCV  
  99  7:43  SCV  
  88  7:46  SCV  
  88  7:47  Viking, SCV  
  87  7:55  SCV  
  88  7:58  SCV  
  88  8:00  Siege Tank, Missile Turret x2  
  88  8:01  SCV, Missile Turret  
  88  8:02  Missile Turret  
  88  8:04  Siege Tank  
  92  8:07  SCV  
  93  8:14  Missile Turret  
  93  8:16  Missile Turret  
  93  8:26  SCV x2  
  93  8:27  SCV  
  89  8:31  Hellion x2  
  89  8:32  Viking, Siege Tank  
  96  8:36  Siege Tank  
  96  8:38  SCV x2  
  98  8:45  Liberator  
  100  8:48  SCV  
  100  8:50  Infernal Pre-Igniter  
  100  8:52  SCV, Hellion x2  
  107  8:58  Missile Turret  
  107  9:02  SCV x2  
  108  9:04  Factory, Siege Tank  
  108  9:06  Factory  
  108  9:08  Siege Tank  
  114  9:11  SCV  
  114  9:14  SCV  
  114  9:16  Sensor Tower, Hellion  
  114  9:17  Hellion  
  118  9:19  Viking  
  119  9:25  Armory  
  119  9:29  Missile Turret  
  118  9:36  Hellion  
  118  9:38  Hellion  
  122  9:40  Siege Tank, Hellion  
  127  9:48  Medivac  
  127  9:50  Factory Tech Lab  
  127  9:51  Factory Reactor  
  127  9:52  SCV  
  131  9:55  Supply Depot  
  131  9:58  Siege Tank  
  131  9:59  Hellion  
  135  10:01  SCV  
  135  10:02  Hellion  
  135  10:03  Supply Depot  
  135  10:04  SCV  
  135  10:06  Medivac  
  141  10:14  Terran Vehicle Weapons Level 1  
  141  10:15  Smart Servos, Supply Depot  
  141  10:16  Drilling Claws  
  141  10:17  Supply Depot, Hellion  
  141  10:21  Widow Mine, Medivac  
  145  10:23  Hellion  
  145  10:25  Supply Depot  
  149  10:29  Hellion  
  149  10:30  Hellion  
  149  10:31  Supply Depot  
  153  10:36  Medivac  
  153  10:38  Hellion x3  
  153  10:42  Supply Depot, Hellion  
  159  10:46  Supply Depot  
  159  10:47  Supply Depot  
  159  10:51  Barracks  
  161  10:59  Siege Tank  
  161  11:01  Medivac  
  161  11:02  Hellion x2, Missile Turret  
  161  11:03  Hellion  
  170  11:06  Medivac  
  170  11:11  Supply Depot  
  172  11:12  Thor  
  176  11:23  Missile Turret  
  176  11:25  Hellion x2, Missile Turret x2  
  180  11:30  Widow Mine  
  180  11:32  Siege Tank  
  188  11:35  Hellion x2  
  186  11:54  Thor  
  186  11:56  Siege Tank  
  195  12:04  Siege Tank  
  196  12:22  Supply Depot  
  197  12:36  Thor  
  197  12:46  Hellion  
  187  12:51  Command Center  
  187  12:52  Command Center, Terran Vehicle And Ship Armor Level 1  
  187  12:56  Liberator x2  
  187  12:58  Widow Mine x2  
  197  13:09  Hellion  
  168  13:34  Thor x2  
  168  13:35  Hellion x4, Thor  
  168  13:39  Viking  
  164  13:44  Viking  
  166  13:56  Hellion x2  
  166  13:57  Hellion x2  
  174  14:11  Viking  
  176  14:18  Hellion x4  
  176  14:19  Hellion  
  176  14:20  Hellion  
  176  14:23  SCV x2  
  187  14:25  Orbital Command  
  190  14:33  Planetary Fortress  
  190  14:37  Refinery  
  187  14:40  Siege Tank  
  189  14:50  SCV  
Tags
 
Add a new tag
Caveats
  • Supply blocks, unpowered buildings, or Contaminate may cause inaccurate times.
  • Supply counts are checked every 10 seconds.